 Dungeon Crawl Stone Soup version 0.21-a0-2-ge494091 (webtiles) character file.

22765 Rrauwl the Carver (level 13, -17/154 HPs)
             Began as a Barachi Fighter on May 22, 2017.
             Was the Champion of Cheibriados.
             Demolished by Snorg (21 damage)
             ... on level 11 of the Dungeon.
             The game lasted 00:37:40 (11213 turns).

Rrauwl the Carver (Barachi Fighter)                Turns: 11213, Time: 00:37:40

Health: -17/154    AC: 26    Str: 34    XL:     13   Next: 2%
Magic:  5/18       EV:  2    Int: 25    God:    Cheibriados [******]
Gold:   822        SH: 14    Dex: 31    Spells: 9/12 levels left

rFire    . . .     SeeInvis +   H - +3 falchion
rCold    . . .     Gourm    .   c - +0 shield
rNeg     + + +     Faith    .   (armour currently unavailable)
rPois    +         Spirit   .   (helmet currently unavailable)
rElec    .         Reflect  .   (cloak currently unavailable)
rCorr    .         Harm     .   (gloves currently unavailable)
MR       .....     NoTele   +   (boots currently unavailable)
Stlth    ++........             (no amulet)
Regen    0.4/turn               n - ring of poison resistance
MPRegen  0.2/turn               F - ring of see invisible

@: tree-form, slowed, very slow
A: +LOS, swims, agile 1, wild magic 2
a: Bend Time, Temporal Distortion, Slouch, Step From Time, Renounce Religion


You were on level 11 of the Dungeon.
You worshipped Cheibriados.
Cheibriados was exalted by your worship.
You were very hungry.
You were a tree.
You visited 3 branches of the dungeon, and saw 13 of its levels.

You collected 822 gold pieces.

Inventory:

Hand Weapons
 a - a +4 long sword of flaming
 H - a +3 falchion (weapon)
Missiles
 t - 415 stones (quivered)
Armour
 c - a +0 shield (worn)
 h - a +1 hat of magic resistance (melded)
 k - a +1 pair of boots (melded)
 m - a scarf of cloud immunity (melded)
 z - a +1 pair of gloves of dexterity (melded)
 D - a +2 plate armour of fire resistance (melded)
Jewellery
 n - a ring of poison resistance (left branch)
 F - a ring of see invisible (right branch)
Wands
 u - a wand of acid (11/15)
 y - a wand of confusion (14/48)
 A - a wand of confusion (35/48)
Scrolls
 e - 7 scrolls of teleportation
 f - 2 scrolls of blinking
 g - 3 scrolls of amnesia
 l - 10 scrolls of identify
 p - 5 scrolls of recharging
 r - 4 scrolls of magic mapping
 v - 2 scrolls of fog
 C - 2 scrolls of fear
Potions
 b - a potion of cancellation
 o - 2 potions of curing
 s - a potion of ambrosia
 w - a potion of flight
 G - 2 potions of heal wounds
Books
 d - a book of Necromancy

   Spells                             Type                      Level
   a - Pain                           Necromancy                   1
   b - Animate Skeleton               Necromancy                   1
   c - Vampiric Draining              Necromancy                   3
   d - Regeneration                   Charms/Necromancy            3
   e - Animate Dead                   Necromancy                   4
   f - Control Undead                 Necromancy                   4
 j - a book of Flames

   Spells                             Type                      Level
   a - Flame Tongue                   Conjuration/Fire             1
   b - Throw Flame                    Conjuration/Fire             2
   c - Conjure Flame                  Conjuration/Fire             3
   d - Inner Flame                    Hexes/Fire                   3
   e - Sticky Flame                   Conjuration/Fire             4
   f - Fireball                       Conjuration/Fire             5
Miscellaneous
 x - a fan of gales
Comestibles
 i - 5 meat rations
 q - 10 royal jellies
 E - 3 bread rations
 I - a chunk of flesh
 J - 6 fruits


   Skills:
 - Level 10.1 Fighting
 - Level 14.1 Long Blades
 - Level 10.5 Armour
 - Level 10.1 Dodging
 + Level 7.2 Shields
 - Level 7.2 Invocations
 - Level 2.1 Evocations


You had 9 spell levels left.
You knew the following spells:

 Your Spells              Type           Power        Failure   Level  Hunger
a - Regeneration          Chrm/Necr      #.........   86%         3    ####...


Dungeon Overview and Level Annotations

Branches:
Dungeon (11/15)            Temple (1/1) D:6            Lair (1/6) D:8
    Orc: D:9-12

Altars:
Ashenzari
Cheibriados
Dithmenos
Elyvilon
Fedhas
Gozag
Hepliaklqana
Kikubaaqudgha
Makhleb
Nemelex Xobeh
Okawaru
Qazlal
Ru
Sif Muna
Trog
Uskayaw
Vehumet
Wu Jian
Xom
Yredelemnul
Zin
The Shining One

Shops:
D:10 }   D:11 (

Annotations:
D:11 Snorg


Innate Abilities, Weirdness & Mutations

Shadows flee at your approach. (+LOS)
You can swim through water.
((You cover ground slowly.))
((You can hop longer distances.))
((Your skin changes colour to match your surroundings (Stealth+).))
You are agile. (Dex +2)
((Your flesh is cold resistant. (rC+)))
((You are covered in fur. (AC +1)))
Your spells are harder to cast, but more powerful.


Message History

The ice beast moves out of view.
Snorg bites you but does no damage. You block Snorg's attack.
Snorg claws you but does no damage. You block the wraith's attack.
Unknown command.
You slice Snorg!!
Snorg is almost dead.
Snorg bites you.
* * * LOW HITPOINT WARNING * * *
Snorg claws you but does no damage. You block Snorg's attack.
You block the wraith's attack.
Unknown command.
The flow of time bends around you.
Cheibriados rebukes Snorg.
Snorg seems to slow down.
Cheibriados rebukes the wraith.
The wraith seems to slow down.
You feel slightly more hungry. Snorg bites you!
* * * LOW HITPOINT WARNING * * *
You block Snorg's attack. Snorg claws you but does no damage.
You block the wraith's attack. Snorg bites you!!
You die...

...##....# . .....#..#
.. #.#.....# . ...
##...#...###.# ....
...8........#
.......####...........
..........8†∩.8.......
......####.)W.†..#.....
.>.... ###T♣#8.........
......##.)<##..###.(...
......W..####.## ....
......?..o..#.# ...
.[..........#.###%### .
........%.............
..................##..
...................#
#...........######.#


You could see Snorg (berserk), a phantom and a wraith.

Vanquished Creatures
  Josephine (D:11)
  2 hydras (Lair:1)
  Fannar (Lair:1)
  Erica (D:9)
  A centaur warrior (D:9)
  2 two-headed ogres
  A manticore (D:9)
  A black mamba (Lair:1)
  3 gargoyles
  4 spiny frogs (Lair:1)
  2 rime drakes (Lair:1)
  2 komodo dragons
  3 trolls (D:9)
  Prince Ribbit (D:9)
  A blink frog (Lair:1)
  4 hippogriffs
  A shadow (D:11)
  4 wraiths (D:11)
  11 yaks
  4 wyverns
  2 hungry ghosts
  An acid dragon (D:11)
  2 soldier ants (D:10)
  2 hell hounds (D:8)
  A porcupine (Lair:1)
  7 orc warriors
  4 ice beasts
  2 black bears (D:9)
  3 sky beasts
  A necrophage (D:7)
  7 ogres
  6 phantoms
  7 wolves (Lair:1)
  4 crocodiles
  2 big kobolds
  Blork the orc (D:5)
  14 bullfrogs
  8 scorpions
  12 killer bees
  4 wights (D:10)
  3 howler monkeys
  A bullfrog zombie (D:5)
  7 crimson imps
  2 bullfrog skeletons
  2 jellies
  4 orc priests
  6 centaur skeletons
  7 hounds
  17 orc wizards
  An iguana (D:6)
  14 worker ants
  3 worker ant zombies
  9 gnolls
  10 adders
  4 shadow imps
  An adder zombie (D:9)
  An adder skeleton (D:9)
  5 worms
  A dart slug (D:5)
  7 leopard geckos
  52 orcs
  A ball python (D:3)
  5 giant cockroaches
  6 goblins
  7 hobgoblins
  19 jackals
  23 kobolds
  5 quokkas
  4 bats
  5 frilled lizards
  A jackal skeleton (D:7)
  A quokka zombie (D:9)
  4 rats
  A spectral orc (D:7)
379 creatures vanquished.

Vanquished Creatures (others)
  A leopard gecko (D:11)
  5 fungi (Lair:1)
  4 plants (Lair:1)
10 creatures vanquished.

Grand Total: 389 creatures vanquished

Notes
Turn   | Place    | Note
-------+----------+-------------------------------------------
     0 | D:1      | Rrauwl the Barachi Fighter began the quest for the Orb.
     0 | D:1      | Reached XP level 1. HP: 18/18 MP: 1/1
   186 | D:1      | Reached XP level 2. HP: 25/25 MP: 2/2
   379 | D:1      | Reached skill level 3 in Long Blades
   595 | D:2      | Reached XP level 3. HP: 30/30 MP: 3/3
   708 | D:2      | Gained mutation: Your flesh is cold resistant. (rC+) [potion of mutation]
   708 | D:2      | Gained mutation: Your spells are a little harder to cast, but a little more powerful. [potion of mutation]
   745 | D:2      | Found a snail-covered altar of Cheibriados.
   832 | D:2      | Became a worshipper of Cheibriados the Contemplative
  1153 | D:2      | Reached XP level 4. HP: 30/37 MP: 4/4
  1451 | D:3      | Reached * piety under Cheibriados
  1986 | D:3      | Reached skill level 4 in Long Blades
  1988 | D:3      | Reached skill level 1 in Dodging
  2437 | D:4      | Reached XP level 5. HP: 30/42 MP: 5/5
  2478 | D:4      | Reached skill level 5 in Long Blades
  2781 | D:4      | Reached XP level 6. HP: 46/48 MP: 6/6
  2792 | D:4      | Reached ** piety under Cheibriados
  3021 | D:4      | Reached skill level 6 in Long Blades
  3360 | D:4      | Reached XP level 7. HP: 54/54 MP: 7/7
  3625 | D:5      | Entered Level 5 of the Dungeon
  3704 | D:5      | Reached skill level 5 in Dodging
  3927 | D:5      | Reached *** piety under Cheibriados
  3931 | D:5      | Reached skill level 7 in Long Blades
  4013 | D:5      | Reached skill level 5 in Fighting
  4021 | D:5      | Reached XP level 8. HP: 53/62 MP: 8/8
  4028 | D:5      | Noticed Blork the orc
  4038 | D:5      | Killed Blork the orc
  4387 | D:5      | Learned a level 3 spell: Regeneration
  4724 | D:5      | Reached skill level 8 in Long Blades
  4732 | D:5      | Reached skill level 5 in Armour
  4856 | D:6      | Found a staircase to the Ecumenical Temple.
  4861 | D:6      | Reached **** piety under Cheibriados
  4907 | Temple   | Entered the Ecumenical Temple
  5572 | D:6      | Reached skill level 5 in Shields
  5592 | D:6      | Found a blossoming altar of Fedhas.
  5648 | D:6      | Reached skill level 9 in Long Blades
  5648 | D:6      | Reached skill level 1 in Invocations
  5715 | D:6      | Reached XP level 9. HP: 41/68 MP: 10/10
  5748 | D:6      | Noticed a gargoyle
  5756 | D:6      | HP: 3/68 [gargoyle/stone arrow (15)]
  5758 | D:6      | Killed a gargoyle
  5758 | D:6      | Reached skill level 10 in Long Blades
  6272 | D:7      | Reached skill level 1 in Evocations
  6277 | D:7      | Reached ***** piety under Cheibriados
  6441 | D:7      | Reached skill level 11 in Long Blades
  6593 | D:7      | Reached skill level 12 in Long Blades
  6666 | D:7      | Reached XP level 10. HP: 69/74 MP: 13/13
  6701 | D:7      | Gained mutation: Your skin changes colour to match your surroundings (Stealth+). [mutagenic meat]
  6702 | D:7      | Gained mutation: Your spells are harder to cast, but more powerful. [mutagenic meat]
  6703 | D:7      | Gained mutation: You are covered in fur. (AC +1) [mutagenic meat]
  6722 | D:7      | Found a basalt altar of Yredelemnul.
  7010 | D:8      | Reached skill level 13 in Long Blades
  7260 | D:8      | Noticed a two-headed ogre
  7266 | D:8      | Killed a two-headed ogre
  7266 | D:8      | Reached skill level 14 in Long Blades
  7587 | D:8      | Found a staircase to the Lair.
  7645 | D:8      | Reached skill level 5 in Invocations
  7725 | D:8      | Reached ****** piety under Cheibriados
  7767 | Lair:1   | Entered Level 1 of the Lair of Beasts
  7822 | Lair:1   | Noticed a spiny frog
  7830 | Lair:1   | Killed a spiny frog
  8076 | Lair:1   | Noticed a six-headed hydra
  8082 | Lair:1   | Killed a two-headed hydra
  8082 | Lair:1   | Reached XP level 11. HP: 59/79 MP: 14/16
  8155 | Lair:1   | Noticed Fannar
  8202 | Lair:1   | Killed Fannar
  8234 | Lair:1   | Noticed a six-headed hydra
  8240 | Lair:1   | Killed a two-headed hydra
  8784 | Lair:1   | Reached skill level 10 in Dodging
  9240 | D:9      | Noticed a two-headed ogre
  9249 | D:9      | Killed a two-headed ogre
  9249 | D:9      | Reached XP level 12. HP: 92/92 MP: 17/17
  9455 | D:9      | Noticed a centaur warrior
  9463 | D:9      | Killed a centaur warrior
  9463 | D:9      | Reached skill level 10 in Fighting
  9514 | D:9      | Got a polished plate armour
  9592 | D:9      | Identified the +0 plate armour of the Great Game {rElec rPois Int-2} (You took it off an orc on level 9 of the Dungeon)
  9797 | D:9      | Noticed Erica
  9809 | D:9      | Killed Erica
  9973 | D:9      | Noticed Prince Ribbit
  9985 | D:9      | Killed Prince Ribbit
 10226 | D:10     | Entered Level 10 of the Dungeon
 10410 | D:10     | Found Veuck's Gadget Shoppe.
 10608 | D:10     | Gained mutation: You are agile. (Dex +2) [mutagenic meat]
 11093 | D:11     | Found Iwimoxil's Antique Weapon Shoppe.
 11152 | D:11     | Reached skill level 10 in Armour
 11181 | D:11     | Noticed Josephine
 11185 | D:11     | Noticed Snorg
 11204 | D:11     | Killed Josephine
 11206 | D:11     | Gained mutation: You can hop longer distances. [Barachi growth]
 11206 | D:11     | Reached XP level 13. HP: 90/103 MP: 12/18
 11213 | D:11     | HP: 4/154 [Snorg (10)]
 11213 | D:11     | Demolished by Snorg

Vault maps used:
D:1:      scummos_arrival_forest
D:2:      cheibriados_altar_1
D:5:      first_bread, uniq_blork_the_orc
D:6:      minmay_temple_entry_junction, basic_altar, corexii_leaking_fountain
D:7:      yredelemnul_forgotten_temple_becter
D:8:      minmay_lair_entry_lava
D:9:      minmay_quarter_circles, uniq_prince_ribbit1, uniq_erica
D:10:     serial_shops, nicolae_shop_crystal, hangedman_pestilent_swarm
D:11:     minmay_stone_box, orc_0_dummy, serial_shops, nicolae_shop_statue_plus,
          ashenzari_altar_1, uniq_josephine, uniq_psyche, uniq_snorg
Temple:   nicolae_temple_the_god_donut
Lair:1:   statuecave_lemuel, hangedman_lair_generics_rect, uniq_fannar

Skill      XL: |  1  2  3  4  5  6  7  8  9 10 11 12 |
---------------+-------------------------------------+-----
Fighting       | 4 5 8 10 | 10.1
Long Blades    | 3 4 5 6 7 9 12 14 | 14.1
Armour         | 4 5 10 | 10.5
Shields        | 4 5 7 |  7.2
Dodging        | 1 3 4 5 10 | 10.1
Invocations    | 2 4 7 |  7.2
Evocations     | 2 |  2.1

Action                   |  1- 3 |  4- 6 |  7- 9 | 10-12 | 13-15 || total
-------------------------+-------+-------+-------+-------+-------++-------
Melee: Long sword        |   150 |   178 |   388 |   450 |       ||  1166
       Falchion          |       |       |       |   215 |     6 ||   221
Invok: Slouch            |       |       |       |     2 |     1 ||     3
       Bend Time         |       |       |       |       |     1 ||     1
  Use: Scroll            |     8 |     3 |     5 |     2 |       ||    18
       Potion            |     3 |     8 |     4 |     2 |       ||    17
 Stab: Sleeping          |       |       |       |     5 |       ||     5
       Distracted        |       |       |       |     2 |       ||     2
  Eat: Chunk             |     2 |     3 |     3 |    11 |       ||    19
       Fruit             |       |     3 |       |       |       ||     3
       Royal jelly       |       |       |     1 |       |       ||     1
       Bread ration      |       |       |       |     1 |       ||     1
Armor: Scale mail        |    72 |    77 |   117 |    67 |       ||   333
       Skin              |       |    29 |       |    21 |    10 ||    60
       Troll leather arm |       |       |       |    10 |       ||    10
       Plate armour      |       |       |       |    60 |       ||    60
Dodge: Dodged            |    39 |    75 |   150 |   290 |     3 ||   557
Block: Shield            |    78 |   103 |   235 |   398 |    16 ||   830
       Rpst.: Long sword |    10 |    28 |    47 |    59 |       ||   144
       Falchion          |       |       |       |    20 |       ||    20
